 Dungeon Crawl Stone Soup version 0.20-a0-1043-gbd57889 (webtiles) character file.

182 Dirtsage the Slasher (level 5, 0/41 HPs)
             Began as a Demonspawn Berserker on Apr 24, 2017.
             Was a Believer of Trog.
             Slain by an adder (3 damage)
             ... on level 3 of the Dungeon.
             The game lasted 00:04:47 (2169 turns).

Dirtsage the Slasher (Demonspawn Berserker)         Turns: 2169, Time: 00:04:48

Health: 0/41       AC:  5    Str: 16 (18) XL:     5   Next: 35%
Magic:  5/5        EV: 12    Int:  8 (9)  God:    Trog [**....]
Gold:   175        SH:  0    Dex: 11 (12) Spells: 4/4 levels left

rFire    . . .     SeeInvis .   a - +0 falchion
rCold    . . .     Gourm    .   (no shield)
rNeg     . . .     Faith    .   b - +0 animal skin
rPois    .         Spirit   .   (no helmet)
rElec    .         Reflect  .   (no cloak)
rCorr    .         Harm     .   (no gloves)
MR       ++...                  (no boots)
Stlth    +.........             n - amulet of rage {+Rage, !d}
Regen    1.2/turn               (no ring)
MPRegen  0.1/turn               (no ring)

@: lethally poisoned (0 -> -1), exhausted, regenerating, hasted, slow
A: molten scales 2
a: Berserk, Trog's Hand, Burn Spellbooks, Renounce Religion, Evoke Berserk Rage


You were on level 3 of the Dungeon.
You worshipped Trog.
Trog was pleased with you.
You were hungry.

You visited 1 branch of the dungeon, and saw 3 of its levels.

You collected 175 gold pieces.

Inventory:

Hand Weapons
 a - a +0 falchion (weapon)
Armour
 b - a +0 animal skin (worn)
 k - a +0 helmet
   (You found it on level 2 of the Dungeon)
Jewellery
 n - an amulet of rage (around neck) {+Rage, !d}
   (You found it on level 3 of the Dungeon)
Scrolls
 d - a scroll of teleportation {unknown}
 e - 2 scrolls of identify {unknown}
 i - a scroll of fear {unknown}
 j - 5 scrolls of amnesia {unknown}
 l - a scroll of noise {unknown}
 m - a scroll of random uselessness {unknown}
 p - a scroll of magic mapping {unknown}
 q - a scroll of enchant weapon {unknown}
Potions
 h - a potion of flight {unknown}
 o - a potion of degeneration {!q}
Comestibles
 c - 6 bread rations {@e1}
 f - 4 meat rations {@e2}


   Skills:
 - Level 3.0 Fighting
 + Level 5.5 Long Blades
 - Level 1.7 Armour
 - Level 1.7 Dodging


You had 4 spell levels left.
You didn't know any spells.

Dungeon Overview and Level Annotations

Branches:
Dungeon (3/15)

Altars:


Innate Abilities, Weirdness & Mutations

You are mostly covered in molten scales. (AC +3)


Message History

Trog accepts your kill.
You hear the quick rusting of a drain nearby.
You feel a strong urge to attack something.
You feel your anger subside.
You are no longer berserk.
You are exhausted.
You feel yourself slow down.
You now have 24/41 hp.
Eating a chunk of flesh {@w0}.
You eat the chunk of flesh {@w0}.
You now have 175 gold pieces (gained 8).
You enter the shallow water.
Moving in this stuff is going to be slow.
An adder and a rat come into view.
The adder hisses angrily.
You hear an angry hiss.
An adder comes into view.
The rat closely misses you. The rat misses you.
Your unstable footing causes you to fumble your attack.
The rat bites you.
You take 1 damage, and have 26/41 hp.
You hit the rat.
You kill the rat!
Trog accepts your kill.
A river rat comes into view.
Your unstable footing causes you to fumble your attack.
The adder barely misses you.
The adder bites you but does no damage. x2
The adder barely misses you.
You riposte.
Your unstable footing causes you to fumble your attack.
You barely miss the adder. The adder barely misses you. x4
Your unstable footing causes you to fumble your attack.
The adder barely misses you. x2; The adder bites you.
The adder bites you but does no damage.
You take 1 damage, and have 26/41 hp.
Your unstable footing causes you to fumble your attack.
The adder completely misses you. The adder misses you.
The adder completely misses you. The adder bites you.
You take 5 damage, and have 21/41 hp.
Your skin crawls.
You feel resistant to hostile enchantments.
You are feeling hungry.
The adder closely misses you.
You riposte.
Your unstable footing causes you to fumble your attack.
The adder bites you. x2
You are poisoned.
The adder poisons you! The adder bites you.
You are more poisoned.
The adder poisons you!
You take 7 damage, and have 14/41 hp.
You barely miss the adder.
You feel sick. The adder barely misses you.
You riposte.
You completely miss the adder. The adder completely misses you.
You riposte.
Your unstable footing causes you to fumble your attack.
The adder bites you. The adder barely misses you.
You riposte.
You hit the adder.
You take 1 damage, and have 13/41 hp.
Your unstable footing causes you to fumble your attack.
You feel sick. The adder bites you.
* * * LOW HITPOINT WARNING * * *
You are more poisoned.
The adder poisons you! The adder misses you.
The adder bites you but does no damage. The adder barely misses you.
You riposte.
You barely miss the adder.
You take 5 damage, and have 8/41 hp.
You closely miss the adder.
You feel sick. The adder closely misses you. The adder barely misses you.
The adder bites you but does no damage. The adder completely misses you.
You riposte.
Your unstable footing causes you to fumble your attack.
Your unstable footing causes you to fumble your attack.
You feel sick. The adder bites you but does no damage. The adder bites you.
* * * LOW HITPOINT WARNING * * *
You are more poisoned.
The adder poisons you! The adder misses you. The adder bites you.
* * * LOW HITPOINT WARNING * * *
You take 2 damage, and have 7/41 hp.
You barely miss the adder.
You feel the effects of Trog's Hand fading.
You feel sick. The adder bites you but does no damage. The adder misses you.
The adder bites you but does no damage. The adder closely misses you.
You take 1 damage, and have 6/41 hp.
It was a potion of degeneration.
There was something very wrong with that liquid.
You feel weakened.
You feel dopey.
You feel clumsy.
You feel sick. The adder barely misses you.
You riposte.
Your unstable footing causes you to fumble your attack.
The adder bites you.
* * * LOW HITPOINT WARNING * * *
You are more poisoned.
The adder poisons you! The adder completely misses you.
You riposte.
You slash the adder! The adder bites you but does no damage.
You take 1 damage, and have 5/41 hp.
It was a potion of berserk rage.
You're too exhausted to go berserk.
You feel yourself speed up.
You feel sick. The adder closely misses you. The adder bites you.
* * * LOW HITPOINT WARNING * * *
You are more poisoned.
The adder poisons you!
The adder bites you but does no damage. x2
You take 1 damage, and have 4/41 hp.
It was a potion of haste.
You feel yourself speed up.
You feel sick. The adder closely misses you. The adder bites you.
You die...

.# #.### ...#
....# ...#
#####...# #...##
#@S≈#...# .....
#S#≈#≈..# ...#
#r#≈#≈..#### ...
≈≈#≈≈≈≈....# #####
##≈#≈#≈..(#.#
'...# ≈≈#≈≈≈...#
###.# ###≈#....# #
#.# #≈≈≈...# #.#
########≈≈....#.##


You could see 2 adders and a river rat.

Vanquished Creatures
  Jessica (D:2)
  Natasha (thrice) (D:2)
  A river rat (D:3)
  2 adders (D:3)
  2 worms (D:3)
  2 leopard geckos
  An orc (D:3)
  2 giant cockroaches (D:1)
  8 goblins
  2 hobgoblins
  4 jackals (D:1)
  A ball python (D:1)
  5 bats
  4 frilled lizards
  5 kobolds (D:1)
  7 rats
50 creatures vanquished.

Notes
Turn   | Place    | Note
-------+----------+-------------------------------------------
     0 | D:1      | Dirtsage the Demonspawn Berserker began the quest for the Orb.
     0 | D:1      | Reached XP level 1. HP: 18/18 MP: 1/1
    82 | D:1      | Reached skill level 3 in Long Blades
    87 | D:1      | Gained mutation: You are partially covered in molten scales. (AC +2) [demonic ancestry]
    87 | D:1      | Reached XP level 2. HP: 15/24 MP: 2/2
   455 | D:1      | HP: 1/24 [kobold/whip (7)]
   695 | D:1      | Reached ** piety under Trog
   787 | D:1      | Gained mutation: You are mostly covered in molten scales. (AC +3) [demonic ancestry]
   787 | D:1      | Reached XP level 3. HP: 27/29 MP: 3/3
  1028 | D:2      | Noticed Natasha
  1031 | D:2      | Killed Natasha
  1031 | D:2      | Reached skill level 4 in Long Blades
  1299 | D:2      | Noticed Natasha
  1306 | D:2      | Killed Natasha
  1306 | D:2      | Reached XP level 4. HP: 28/35 MP: 4/4
  1356 | D:2      | Noticed Jessica
  1371 | D:2      | Killed Jessica
  1371 | D:2      | Reached skill level 5 in Long Blades
  1501 | D:2      | Noticed Natasha
  1508 | D:2      | Killed Natasha
  1508 | D:2      | Reached XP level 5. HP: 36/41 MP: 5/5
  2163 | D:3      | HP: 8/41 [adder (5)]
  2168 | D:3      | HP: 5/41 [poisoned by an adder]
  2169 | D:3      | Slain by an adder

Vault maps used:
D:1:      minmay_arrival_four_loops
D:2:      first_bread, uniq_natasha, uniq_jessica
D:3:      lightli_sewer_entry_pipes

Skill      XL: |  1  2  3  4 |
---------------+-------------+-----
Long Blades    | 3 4 5 |  5.5
Fighting       | |  3.0
Armour         | |  1.7
Dodging        | |  1.7

Action                   |  1- 3 |  4- 6 || total
-------------------------+-------+-------++-------
Melee: Falchion          |    95 |    77 ||   172
Invok: Berserk           |     3 |     2 ||     5
       Trog's Hand       |       |     1 ||     1
  Use: Potion            |       |     3 ||     3
  Eat: Chunk             |     4 |     5 ||     9
Armor: Animal skin       |    17 |    35 ||    52
Dodge: Dodged            |    55 |    66 ||   121
       Rpst.: Falchion   |    17 |    22 ||    39

Vault maps used:
D:1:      minmay_arrival_four_loops
D:2:      first_bread, uniq_natasha, uniq_jessica
D:3:      lightli_sewer_entry_pipes

Table legend:
 A = Turns spent in this place as a percentage of turns spent in the entire game.
 B = Non-inter-level travel turns spent in this place as a percentage of non-inter-level travel turns spent in the entire game.
 C = Inter-level travel turns spent in this place as a percentage of turns spent in this place.
 D = Turns resting spent in this place as a percentage of non-inter-level travel turns spent in this place.
 E = Turns spent auto-exploring this place as a percentage of non-inter-level travel turns spent in this place.
 F = Non-inter-level travel turns spent in this place divided by the number of levels of this place that you've seen.
                   A       B       C       D       E      F
               +-------+-------+-------+-------+-------+----------------------
         Total | 100.0 | 100.0 |   0.3 |   2.1 |  10.0 | 222.3
       Dungeon | 100.0 | 100.0 |   0.3 |   2.1 |  10.0 | 222.3
               +-------+-------+-------+-------+-------+----------------------

Table legend:
 A = Kills in this place as a percentage of kills in entire the game.
 B = Kills by you in this place as a percentage of kills by you in the entire game.
 C = Kills by friends in this place as a percentage of kills by friends in the entire game.
 D = Other kills in this place as a percentage of other kills in the entire game.
 E = Experience gained in this place as a percentage of experience gained in the entire game.
 F = Experience gained in this place divided by the number of levels of this place that you have seen.
                   A       B       C       D       E      F
               +-------+-------+-------+-------+-------+----------------------
         Total | 100.0 | 100.0 |  -nan |  -nan | 100.0 |  87.0
       Dungeon | 100.0 | 100.0 |  -nan |  -nan | 100.0 |  87.0
               +-------+-------+-------+-------+-------+----------------------
